Workbook

Sheet NUTRIAMBIENTAL
B2: Beneficiarios | C2: 0
B3: =+C8+C18 -> 4880
A4: 1. | B4: Costo Alimento
B5: 1. COMPONENTE ALIMENTACION
B7: Grupo Focal I
B8: Total Poblacion | C8: 1000
B9: Palzo (meses) | C9: 2
H11: valor mes (20 días) | I11: Valor total incluido IVA
B12: Grupo de Alimentos | C12: Alimentos | D12: unidad de Medida | E12: Valor Unitario antes de IVA | F12: IVA | G12: Valor unitario mas IVA
B13: Cereales y Derivados | C13: Galleta salada 500-100 gr. ( entrega mensual x benef: 695 (gramos) | D13: unidad | E13: 12773 | F13: =+E13*19% -> 2426.87 | G13: =+E13+F13 -> 15199.87 | H13: =+G13*C8 -> 15199870 | I13: =+H13*C9 -> 30399740
B14: Productos azucarado | C14: bocadillo o cocada o panelita x 25 gr (entrega mensual x benef 20 unds) | D14: Pqte x 20 unds | E14: 13445 | F14: =+E14*19% -> 2554.55 | G14: =+E14+F14 -> 15999.55 | H14: =+G14*C8 -> 15999550 | I14: =+H14*C9 -> 31999100
B15: TOTAL | I15: =SUM(I13:I14) -> 62398840
B17: Grupo Focal II
B18: Poblacion | C18: 3880
B19: Plazo (meses) | C19: =C9 -> 2
H20: valor mes (20 días) | I20: Valor total incluido IVA
B21: Grupo de Alimentos | C21: Alimentos | D21: unidad de Medida | E21: Valor Unitario antes de IVA | F21: IVA | G21: Valor unitario mas IVA
B22: Cereales y Derivados | C22: Galleta salada 500-100 gr.(entrega mensual x benf: 795 gr) | D22: Unidad | E22: 14611 | F22: =+E22*19% -> 2776.09 | G22: =+E22+F22 -> 17387.09 | H22: =+G22*C18 -> 67461909 | I22: =H22*C19 -> 1.3492382e+08
B23: Productos azucarado | C23: Panela 500 gr. | D23: Unidad | E23: 6400 | F23: 0 | G23: 6400 | H23: =+G23*C18 -> 24832000 | I23: =H23*C19 -> 49664000
B24: TOTAL | I24: =SUM(I22:I23) -> 1.8458782e+08
B26: 2.COMPONENTE TALENTO HUMANO(Según histórico de honorarios del municipio 2025.
H27: TOTAL MENSUAL TALENTO HUMANO | I27: TOTAL TALENTO HUMANO
B28: Perfiles Requeridos | C28: Cantidad | D28: Unidad de medida | E28: Valor Unitario antes de IVA | F28: IVA | G28: Valor unitario mas IVA
B29: Director | C29: 1 | D29: Unidad | E29: 4000000 | F29: 0 | G29: =+E29+F29 -> 4000000 | H29: =+G29 -> 4000000 | I29: =+H29*$C$9 -> 8000000
B30: Auxiliar Administrativo | C30: 1 | D30: Unidad | E30: 2200000 | F30: 0 | G30: =+E30+F30 -> 2200000 | H30: =+G30 -> 2200000 | I30: =+H30*$C$9 -> 4400000
B31: NUTRICIONISTA según ficha técnica | C31: 1 | D31: Unidad | E31: 4000000 | F31: 0 | G31: =+E31+F31 -> 4000000 | H31: =+G31 -> 4000000 | I31: =+H31*$C$9 -> 8000000
B32: INGENIERO DE ALIMENTOS | C32: 1 | D32: Unidad | E32: 4000000 | F32: 0 | G32: =+E32+F32 -> 4000000 | H32: =+G32 -> 4000000 | I32: =+H32*$C$9 -> 8000000
B33: MANIPULADORES DE ALIMENTOS: Deben contar con el respectivo carné de manipulador de alimentos. | C33: 5 | D33: Unidad | E33: 2200000 | F33: 0 | G33: =+E33+F33 -> 2200000 | H33: =+G33*C33 -> 11000000 | I33: =+H33*$C$9 -> 22000000
B34: AUXILIAR DE ENFERMERIA Según ficha técnica | C34: 2 | D34: Unidad | E34: 2200000 | F34: 0 | G34: =+E34+F34 -> 2200000 | H34: =+G34*C34 -> 4400000 | I34: =+H34*$C$9 -> 8800000
B35: TOTAL TALENTO HUMANO | H35: =SUM(H29:H34) -> 29600000 | I35: =SUM(I29:I34) -> 59200000
B37: 3. COMPONENTE DOTACIÓN PERSONAL (Una entrega)
H38: VALOR TOTAL INCLUIDO IVA
B39: ARTICULO | C39: CANTIDAD | D39: Unidad de medida | E39: Valor Unitario antes de IVA | F39: IVA | G39: Valor unitario mas IVA
B40: Gorro según especificaciones técnicas | C40: 15 | D40: Unidad | E40: 13500 | F40: 0 | G40: =+E40+F40 -> 13500 | H40: =+G40*C40 -> 202500
B41: Tapabocas-según especificaciones técnicas | C41: 15 | D41: Unidad | E41: 9000 | F41: 0 | G41: =+E41+F41 -> 9000 | H41: =+G41*C41 -> 135000
B42: Camiseta tipo polo-según especificaciones técnicas | C42: 10 | D42: Unidad | E42: 69000 | F42: 0 | G42: =+E42+F42 -> 69000 | H42: =+G42*C42 -> 690000
B43: Pantalon Sudadera según especificaciones técnicas | C43: 10 | D43: Unidad | E43: 80000 | F43: 0 | G43: =+E43+F43 -> 80000 | H43: =+G43*C43 -> 800000
B44: zapato Cerrado según especificaciones técnicas | C44: 5 | D44: Unidad | E44: 86000 | F44: 0 | G44: =+E44+F44 -> 86000 | H44: =+G44*C44 -> 430000
B45: Delantal Antifluidossegún especificaciones técnicas | C45: 5 | D45: Unidad | E45: 48000 | F45: 0 | G45: =+E45+F45 -> 48000 | H45: =+G45*C45 -> 240000
B46: TOTAL | H46: =SUM(H40:H45) -> 2497500
B48: 4,COMPONENTE EXAMENES MEDICOS(Una entrega)
H49: Valor Total incluido IVA
B50: Examen medico | C50: CANTIDAD | E50: Valor Unitario antes de IVA | F50: IVA | G50: Valor unitario mas IVA
B51: Medico de Ingreso, con aptitud para manipuladora de alimentos | C51: 5 | E51: 34200 | F51: 0 | G51: =+E51+F51 -> 34200 | H51: =+G51*C51 -> 171000
B52: KOH de uñas | C52: 5 | E52: 29000 | F52: 0 | G52: =+E52+F52 -> 29000 | H52: =+G52*C52 -> 145000
B53: Frotis de garganta | C53: 5 | E53: 37000 | F53: 0 | G53: =+E53+F53 -> 37000 | H53: =+G53*C53 -> 185000
B54: Coprológico | C54: 5 | E54: 24000 | F54: 0 | G54: =+E54+F54 -> 24000 | H54: =+G54*C54 -> 120000
B55: TOTAL | H55: =SUM(H51:H54) -> 621000
B57: 5. COMPONENTE TRANSPORTE DE ALIMENTOS
H58: Valor total incluido IVA
B59: Transporte de alimentos | C59: Cantidad | E59: Valor Unitario antes de IVA | F59: IVA | G59: Valor unitario mas IVA
B60: Vehiculos tipo furgón isotérmicos, deberá cumplir con los requisitos o requerimientos técnicos. | C60: 2 | E60: 15800000 | F60: 0 | G60: 15800000 | H60: =+G60*C9 -> 31600000
B62: 6. COMPONENTE ALMACENAMIENTO
H63: Valor total incluido IVA
B64: BODEGA/ALMACENAMIENTO | C64: Cantidad | E64: Valor Unitario antes de IVA | F64: IVA | G64: Valor unitario mas IVA
B65: Bodega, debera cumplir con los requisitos o requerimientos tecnicos | C65: 1 | E65: 3850000 | F65: 0 | G65: =+E65+F65 -> 3850000 | H65: =+G65*C9 -> 7700000
A67: RESUMEN DE COSTOS TOTALES
A68: COMPONENTE DE ALIMENTACION | B68: Grupo Focal | C68: Grupo de Alimentos | D68: Alimentos | E68: Valor total Incluido IVA
B69: 1 (1.000 beneficiarios) | C69: Cereales y Derivados | D69: Galleta Salada ( entrega mensual x benef: 695 (gramos) | E69: =I13 -> 30399740 | G69: =+[1]PRESUPUESTO!$E$69 -> #ERROR! | H69: =+E69-G69 -> #ERROR!
C70: Productos azucarado | D70: bocadillo o cocada o panelita x 25 gr (entrega mensual x benef 20 unds) | E70: =I14 -> 31999100 | G70: =+[1]PRESUPUESTO!$E$70 -> #ERROR! | H70: =+E70-G70 -> #ERROR!
B71: 2 (3.880 beneficiarios) | C71: Cereales y Derivados | D71: Galleta Salada (entrega mensual x benf 795 gr) | E71: =I22 -> 1.3492382e+08 | G71: =+[1]PRESUPUESTO!$E$71 -> #ERROR! | H71: =+E71-G71 -> #ERROR!
C72: Productos azucarado | D72: Panela 500 gr | E72: =I23 -> 49664000 | H72: mes 1 | I72: mes 2
B73: Total complemento nutricional | E73: =SUM(E69:E72) -> 2.4698666e+08 | G73: =+E73/2 -> 1.2349333e+08 | H73: =+E73/2 -> 1.2349333e+08 | I73: =+E73/2 -> 1.2349333e+08
A74: TALENTO HUMANO | E74: =I35 -> 59200000 | H74: =+E74/2 -> 29600000 | I74: =+E74/2 -> 29600000
A75: DOTACION PERSONAL | E75: =H46 -> 2497500 | H75: =+E75 -> 2497500 | I75: 0
A76: EXAMENES MEDICOS | E76: =H55 -> 621000 | H76: =+E76 -> 621000 | I76: 0
A77: TRANSPORTE DE ALIMENTOS | E77: =H60 -> 31600000 | H77: =+E77/2 -> 15800000 | I77: =+E77/2 -> 15800000
A78: BODEGA/ALMACENAMIENTO | E78: =H65 -> 7700000 | H78: =+E78/2 -> 3850000 | I78: =+E78/2 -> 3850000
A79: COSTOS TALENTO HUMANO, DOTACION Y SERVICIOS | E79: =SUM(E74:E78) -> 101618500 | G79: =+E79/2 -> 50809250
A80: TOTAL CONTRATO incluido IVA, impuestos mpales y costos y gastos indirectos (2 mes) | E80: =E73+E79 -> 3.4860516e+08
E81: =+E80/2 -> 1.7430258e+08 | H81: =SUM(H73:H80) -> 1.7586183e+08 | I81: =SUM(I73:I80) -> 1.7274333e+08 | J81: =+H81+I81 -> 3.4860516e+08
C83: COSTO MENSUAL | D83: =+E81 -> 1.7430258e+08
C84: CUPOS LIQUIDA | D84: =+C8 -> 1000
C85: CUPOS POLVO | D85: =+C18 -> 3880
C86: COSTO 2 MESES | D86: =+E81*2-(E75*2+E76*2) -> 3.4236816e+08

Sheet SEMILLAS
B13: Beneficiarios | C13: 0
B14: =+C19+C29 -> 4880
A15: 1. | B15: Costo Alimento
B16: 1. COMPONENTE ALIMENTACION
B18: Grupo Focal I
B19: Total Poblacion | C19: 1000
B20: Palzo (meses) | C20: 2
H22: valor mes (20 días) | I22: Valor total incluido IVA
B23: Grupo de Alimentos | C23: Alimentos | D23: unidad de Medida | E23: Valor Unitario antes de IVA | F23: IVA | G23: Valor unitario mas IVA
B24: Cereales y Derivados | C24: Galleta salada 500-100 gr. ( entrega mensual x benef: 695 (gramos) | D24: unidad | E24: 12849 | F24: =+E24*19% -> 2441.31 | G24: =+E24+F24 -> 15290.31 | H24: =+G24*C19 -> 15290310 | I24: =+H24*C20 -> 30580620
B25: Productos azucarado | C25: bocadillo o cocada o panelita x 25 gr (entrega mensual x benef 20 unds) | D25: Pqte x 20 unds | E25: 13550 | F25: =+E25*19% -> 2574.5 | G25: =+E25+F25 -> 16124.5 | H25: =+G25*C19 -> 16124500 | I25: =+H25*C20 -> 32249000
B26: TOTAL | I26: =SUM(I24:I25) -> 62829620
B28: Grupo Focal II
B29: Poblacion | C29: 3880
B30: Plazo (meses) | C30: =C20 -> 2
H31: valor mes (20 días) | I31: Valor total incluido IVA
B32: Grupo de Alimentos | C32: Alimentos | D32: unidad de Medida | E32: Valor Unitario antes de IVA | F32: IVA | G32: Valor unitario mas IVA
B33: Cereales y Derivados | C33: Galleta salada 500-100 gr.(entrega mensual x benf: 795 gr) | D33: Unidad | E33: 14697.5 | F33: =+E33*19% -> 2792.525 | G33: =+E33+F33 -> 17490.025 | H33: =+G33*C29 -> 67861297 | I33: =H33*C30 -> 135722594
B34: Productos azucarado | C34: Panela 500 gr. | D34: Unidad | E34: 6400 | F34: 0 | G34: =+E34+F34 -> 6400 | H34: =+G34*C29 -> 24832000 | I34: =H34*C30 -> 49664000
B35: TOTAL | I35: =SUM(I33:I34) -> 185386594
B37: 2.COMPONENTE TALENTO HUMANO(Según histórico de honorarios del municipio 2025.
H38: TOTAL MENSUAL TALENTO HUMANO | I38: TOTAL TALENTO HUMANO
B39: Perfiles Requeridos | C39: Cantidad | D39: Unidad de medida | E39: Valor Unitario antes de IVA | F39: IVA | G39: Valor unitario mas IVA
B40: Director | C40: 1 | D40: Unidad | E40: 4000000 | F40: 0 | G40: =+E40+F40 -> 4000000 | H40: =+G40*C40 -> 4000000 | I40: =+H40*$C$20 -> 8000000
B41: Auxiliar Administrativo | C41: 1 | D41: Unidad | E41: 2200000 | F41: 0 | G41: =+E41+F41 -> 2200000 | H41: =+G41*C41 -> 2200000 | I41: =+H41*$C$20 -> 4400000
B42: NUTRICIONISTA según ficha técnica | C42: 1 | D42: Unidad | E42: 4000000 | F42: 0 | G42: =+E42+F42 -> 4000000 | H42: =+G42*C42 -> 4000000 | I42: =+H42*$C$20 -> 8000000
B43: INGENIERO DE ALIMENTOS | C43: 1 | D43: Unidad | E43: 4000000 | F43: 0 | G43: =+E43+F43 -> 4000000 | H43: =+G43*C43 -> 4000000 | I43: =+H43*$C$20 -> 8000000
B44: MANIPULADORES DE ALIMENTOS: Deben contar con el respectivo carné de manipulador de alimentos. | C44: 5 | D44: Unidad | E44: 2200000 | F44: 0 | G44: =+E44+F44 -> 2200000 | H44: =+G44*C44 -> 11000000 | I44: =+H44*$C$20 -> 22000000
B45: AUXILIAR DE ENFERMERIA Según ficha técnica | C45: 2 | D45: Unidad | E45: 2200000 | F45: 0 | G45: =+E45+F45 -> 2200000 | H45: =+G45*C45 -> 4400000 | I45: =+H45*$C$20 -> 8800000
B46: TOTAL TALENTO HUMANO | H46: =SUM(H40:H45) -> 29600000 | I46: =SUM(I40:I45) -> 59200000
B48: 3. COMPONENTE DOTACIÓN PERSONAL (Una entrega)
H49: VALOR TOTAL INCLUIDO IVA
B50: ARTICULO | C50: CANTIDAD | D50: Unidad de medida | E50: Valor Unitario antes de IVA | F50: IVA | G50: Valor unitario mas IVA
B51: Gorro según especificaciones técnicas | C51: 15 | D51: Unidad | E51: 14040 | F51: 0 | G51: =+E51+F51 -> 14040 | H51: =+G51*C51 -> 210600
B52: Tapabocas-según especificaciones técnicas | C52: 15 | D52: Unidad | E52: 9360 | F52: 0 | G52: =+E52+F52 -> 9360 | H52: =+G52*C52 -> 140400
B53: Camiseta tipo polo-según especificaciones técnicas | C53: 10 | D53: Unidad | E53: 71760 | F53: 0 | G53: =+E53+F53 -> 71760 | H53: =+G53*C53 -> 717600
B54: Pantalon Sudadera según especificaciones técnicas | C54: 10 | D54: Unidad | E54: 81120 | F54: 0 | G54: =+E54+F54 -> 81120 | H54: =+G54*C54 -> 811200
B55: zapato Cerrado según especificaciones técnicas | C55: 5 | D55: Unidad | E55: 82160 | F55: 0 | G55: =+E55+F55 -> 82160 | H55: =+G55*C55 -> 410800
B56: Delantal Antifluidossegún especificaciones técnicas | C56: 5 | D56: Unidad | E56: 49920 | F56: 0 | G56: =+E56+F56 -> 49920 | H56: =+G56*C56 -> 249600
B57: TOTAL | H57: =SUM(H51:H56) -> 2540200
B59: 4,COMPONENTE EXAMENES MEDICOS(Una entrega)
H60: Valor Total incluido IVA
B61: Examen medico | C61: CANTIDAD | E61: Valor Unitario antes de IVA | F61: IVA | G61: Valor unitario mas IVA
B62: Medico de Ingreso, con aptitud para manipuladora de alimentos | C62: 5 | E62: 35600 | F62: 0 | G62: =+E62+F62 -> 35600 | H62: =+G62*C62 -> 178000
B63: KOH de uñas | C63: 5 | E63: 32000 | F63: 0 | G63: =+E63+F63 -> 32000 | H63: =+G63*C63 -> 160000
B64: Frotis de garganta | C64: 5 | E64: 38600 | F64: 0 | G64: =+E64+F64 -> 38600 | H64: =+G64*C64 -> 193000
B65: Coprológico | C65: 5 | E65: 26000 | F65: 0 | G65: =+E65+F65 -> 26000 | H65: =+G65*C65 -> 130000
B66: TOTAL | H66: =SUM(H62:H65) -> 661000
B68: 5. COMPONENTE TRANSPORTE DE ALIMENTOS
H69: Valor total incluido IVA
B70: Transporte de alimentos | C70: Cantidad | E70: Valor Unitario antes de IVA | F70: IVA | G70: Valor unitario mas IVA
B71: Vehiculos tipo furgón isotérmicos, deberá cumplir con los requisitos o requerimientos técnicos. | C71: 2 | E71: 16000000 | F71: 0 | G71: =+E71+F71 -> 16000000 | H71: =+G71*C20 -> 32000000
B73: 6. COMPONENTE ALMACENAMIENTO
H74: Valor total incluido IVA
B75: BODEGA/ALMACENAMIENTO | C75: Cantidad | E75: Valor Unitario antes de IVA | F75: IVA | G75: Valor unitario mas IVA
B76: Bodega, debera cumplir con los requisitos o requerimientos tecnicos | C76: 1 | E76: 4000000 | F76: 0 | G76: =+E76+F76 -> 4000000 | H76: =+G76*C20 -> 8000000
A78: RESUMEN DE COSTOS TOTALES
A79: COMPONENTE DE ALIMENTACION | B79: Grupo Focal | C79: Grupo de Alimentos | D79: Alimentos | E79: Valor total Incluido IVA
B80: 1 (1.000 beneficiarios) | C80: Cereales y Derivados | D80: Galleta Salada ( entrega mensual x benef: 695 (gramos) | E80: =I24 -> 30580620 | G80: =+[1]PRESUPUESTO!$E$69 -> #ERROR! | H80: =+E80-G80 -> #ERROR!
C81: Productos azucarado | D81: bocadillo o cocada o panelita x 25 gr (entrega mensual x benef 20 unds) | E81: =I25 -> 32249000 | G81: =+[1]PRESUPUESTO!$E$70 -> #ERROR! | H81: =+E81-G81 -> #ERROR!
B82: 2 (3.880 beneficiarios) | C82: Cereales y Derivados | D82: Galleta Salada (entrega mensual x benf 795 gr) | E82: =I33 -> 135722594 | G82: =+[1]PRESUPUESTO!$E$71 -> #ERROR! | H82: =+E82-G82 -> #ERROR!
C83: Productos azucarado | D83: Panela 500 gr | E83: =I34 -> 49664000 | G83: =+[1]PRESUPUESTO!$E$72 -> #ERROR! | H83: =+E83-G83 -> #ERROR!
B84: Total complemento nutricional | E84: =SUM(E80:E83) -> 248216214 | G84: =+[1]PRESUPUESTO!$E$73 -> #ERROR! | H84: =+E84-G84 -> #ERROR!
A85: TALENTO HUMANO | E85: =I46 -> 59200000 | G85: =+[1]PRESUPUESTO!$E$74 -> #ERROR! | H85: =+E85-G85 -> #ERROR!
A86: DOTACION PERSONAL | E86: =H57 -> 2540200 | G86: =+[1]PRESUPUESTO!$E$75 -> #ERROR! | H86: =+E86-G86 -> #ERROR!
A87: EXAMENES MEDICOS | E87: =H66 -> 661000 | G87: =+[1]PRESUPUESTO!$E$76 -> #ERROR! | H87: =+E87-G87 -> #ERROR!
A88: TRANSPORTE DE ALIMENTOS | E88: =H71 -> 32000000 | G88: =+[1]PRESUPUESTO!$E$77 -> #ERROR! | H88: =+E88-G88 -> #ERROR!
A89: BODEGA/ALMACENAMIENTO | E89: =H76 -> 8000000 | G89: =+[1]PRESUPUESTO!$E$78 -> #ERROR! | H89: =+E89-G89 -> #ERROR!
A90: COSTOS TALENTO HUMANO, DOTACION Y SERVICIOS | E90: =SUM(E85:E89) -> 102401200 | G90: =+[1]PRESUPUESTO!$E$79 -> #ERROR! | H90: =+E90-G90 -> #ERROR!
A91: TOTAL CONTRATO incluido IVA, impuestos mpales y costos y gastos indirectos (2 mes) | E91: =E84+E90 -> 350617414 | G91: =+[1]PRESUPUESTO!$E$80 -> #ERROR! | H91: =+E91-G91 -> #ERROR!
E92: =+E91/3 -> 1.1687247e+08
C94: COSTO MENSUAL | D94: =+E92 -> 1.1687247e+08
C95: CUPOS LIQUIDA | D95: =+C19 -> 1000
C96: CUPOS POLVO | D96: =+C29 -> 3880
C97: COSTO 2 MESES | D97: =+E92*2-(E86*2+E87*2) -> 2.2734254e+08
C104: HERNANDO MAYOR ARANA
C105: Representante Legal

Sheet NUTRISALUD
B2: Beneficiarios | C2: 0
B3: =+C8+C18 -> 4880
A4: 1. | B4: Costo Alimento
B5: 1. COMPONENTE ALIMENTACION
B7: Grupo Focal I
B8: Total Poblacion | C8: 1000
B9: Palzo (meses) | C9: 2
H11: valor mes (20 días) | I11: Valor total incluido IVA
B12: Grupo de Alimentos | C12: Alimentos | D12: unidad de Medida | E12: Valor Unitario antes de IVA | F12: IVA | G12: Valor unitario mas IVA
B13: Cereales y Derivados | C13: Galleta salada 500-100 gr. ( entrega mensual x benef: 695 (gramos) | D13: unidad | E13: 12907 | F13: =+E13*19% -> 2452.33 | G13: =+E13+F13 -> 15359.33 | H13: =+G13*C8 -> 15359330 | I13: =+H13*C9 -> 30718660
B14: Productos azucarado | C14: bocadillo o cocada o panelita x 25 gr (entrega mensual x benef 20 unds) | D14: Pqte x 20 unds | E14: 13600 | F14: =+E14*19% -> 2584 | G14: =+E14+F14 -> 16184 | H14: =+G14*C8 -> 16184000 | I14: =+H14*C9 -> 32368000
B15: TOTAL | I15: =SUM(I13:I14) -> 63086660
B17: Grupo Focal II
B18: Poblacion | C18: 3880
B19: Plazo (meses) | C19: =C9 -> 2
H20: valor mes (20 días) | I20: Valor total incluido IVA
B21: Grupo de Alimentos | C21: Alimentos | D21: unidad de Medida | E21: Valor Unitario antes de IVA | F21: IVA | G21: Valor unitario mas IVA
B22: Cereales y Derivados | C22: Galleta salada 500-100 gr.(entrega mensual x benf: 795 gr) | D22: Unidad | E22: 14764 | F22: =+E22*19% -> 2805.16 | G22: =+E22+F22 -> 17569.16 | H22: =+G22*C18 -> 68168341 | I22: =H22*C19 -> 1.3633668e+08
B23: Productos azucarado | C23: Panela 500 gr. | D23: Unidad | E23: 6268 | F23: 0 | G23: =+E23+F23 -> 6268 | H23: =+G23*C18 -> 24319840 | I23: =H23*C19 -> 48639680
B24: TOTAL | I24: =SUM(I22:I23) -> 1.8497636e+08
B26: 2.COMPONENTE TALENTO HUMANO(Según histórico de honorarios del municipio 2025.
H27: TOTAL MENSUAL TALENTO HUMANO | I27: TOTAL TALENTO HUMANO
B28: Perfiles Requeridos | C28: Cantidad | D28: Unidad de medida | E28: Valor Unitario antes de IVA | F28: IVA | G28: Valor unitario mas IVA
B29: Director | C29: 1 | D29: Unidad | E29: 4000000 | F29: 0 | G29: =+E29+F29 -> 4000000 | H29: =+G29*C29 -> 4000000 | I29: =+H29*$C$9 -> 8000000
B30: Auxiliar Administrativo | C30: 1 | D30: Unidad | E30: 2200000 | F30: 0 | G30: =+E30+F30 -> 2200000 | H30: =+G30*C30 -> 2200000 | I30: =+H30*$C$9 -> 4400000
B31: NUTRICIONISTA según ficha técnica | C31: 1 | D31: Unidad | E31: 4000000 | F31: 0 | G31: =+E31+F31 -> 4000000 | H31: =+G31*C31 -> 4000000 | I31: =+H31*$C$9 -> 8000000
B32: INGENIERO DE ALIMENTOS | C32: 1 | D32: Unidad | E32: 4000000 | F32: 0 | G32: =+E32+F32 -> 4000000 | H32: =+G32*C32 -> 4000000 | I32: =+H32*$C$9 -> 8000000
B33: MANIPULADORES DE ALIMENTOS: Deben contar con el respectivo carné de manipulador de alimentos. | C33: 5 | D33: Unidad | E33: 2200000 | F33: 0 | G33: =+E33+F33 -> 2200000 | H33: =+G33*C33 -> 11000000 | I33: =+H33*$C$9 -> 22000000
B34: AUXILIAR DE ENFERMERIA Según ficha técnica | C34: 2 | D34: Unidad | E34: 2200000 | F34: 0 | G34: =+E34+F34 -> 2200000 | H34: =+G34*C34 -> 4400000 | I34: =+H34*$C$9 -> 8800000
B35: TOTAL TALENTO HUMANO | H35: =SUM(H29:H34) -> 29600000 | I35: =SUM(I29:I34) -> 59200000
B37: 3. COMPONENTE DOTACIÓN PERSONAL (Una entrega)
H38: VALOR TOTAL INCLUIDO IVA
B39: ARTICULO | C39: CANTIDAD | D39: Unidad de medida | E39: Valor Unitario antes de IVA | F39: IVA | G39: Valor unitario mas IVA
B40: Gorro según especificaciones técnicas | C40: 15 | D40: Unidad | E40: 16000 | F40: 0 | G40: =+E40+F40 -> 16000 | H40: =+G40*C40 -> 240000
B41: Tapabocas-según especificaciones técnicas | C41: 15 | D41: Unidad | E41: 9900 | F41: 0 | G41: =+E41+F41 -> 9900 | H41: =+G41*C41 -> 148500
B42: Camiseta tipo polo-según especificaciones técnicas | C42: 10 | D42: Unidad | E42: 75400 | F42: 0 | G42: =+E42+F42 -> 75400 | H42: =+G42*C42 -> 754000
B43: Pantalon Sudadera según especificaciones técnicas | C43: 10 | D43: Unidad | E43: 85800 | F43: 0 | G43: =+E43+F43 -> 85800 | H43: =+G43*C43 -> 858000
B44: zapato Cerrado según especificaciones técnicas | C44: 5 | D44: Unidad | E44: 88000 | F44: 0 | G44: =+E44+F44 -> 88000 | H44: =+G44*C44 -> 440000
B45: Delantal Antifluidossegún especificaciones técnicas | C45: 5 | D45: Unidad | E45: 56000 | F45: 0 | G45: =+E45+F45 -> 56000 | H45: =+G45*C45 -> 280000
B46: TOTAL | H46: =SUM(H40:H45) -> 2720500
B48: 4,COMPONENTE EXAMENES MEDICOS(Una entrega)
H49: Valor Total incluido IVA
B50: Examen medico | C50: CANTIDAD | E50: Valor Unitario antes de IVA | F50: IVA | G50: Valor unitario mas IVA
B51: Medico de Ingreso, con aptitud para manipuladora de alimentos | C51: 5 | E51: 37000 | F51: 0 | G51: =+E51+F51 -> 37000 | H51: =+G51*C51 -> 185000
B52: KOH de uñas | C52: 5 | E52: 33400 | F52: 0 | G52: =+E52+F52 -> 33400 | H52: =+G52*C52 -> 167000
B53: Frotis de garganta | C53: 5 | E53: 40100 | F53: 0 | G53: =+E53+F53 -> 40100 | H53: =+G53*C53 -> 200500
B54: Coprológico | C54: 5 | E54: 27600 | F54: 0 | G54: =+E54+F54 -> 27600 | H54: =+G54*C54 -> 138000
B55: TOTAL | H55: =SUM(H51:H54) -> 690500
B57: 5. COMPONENTE TRANSPORTE DE ALIMENTOS
H58: Valor total incluido IVA
B59: Transporte de alimentos | C59: Cantidad | E59: Valor Unitario antes de IVA | F59: IVA | G59: Valor unitario mas IVA
B60: Vehiculos tipo furgón isotérmicos, deberá cumplir con los requisitos o requerimientos técnicos. | C60: 2 | E60: 16000000 | F60: 0 | G60: =+E60+F60 -> 16000000 | H60: =+G60*C9 -> 32000000
B62: 6. COMPONENTE ALMACENAMIENTO
H63: Valor total incluido IVA
B64: BODEGA/ALMACENAMIENTO | C64: Cantidad | E64: Valor Unitario antes de IVA | F64: IVA | G64: Valor unitario mas IVA
B65: Bodega, debera cumplir con los requisitos o requerimientos tecnicos | C65: 1 | E65: 4050000 | F65: 0 | G65: =+E65+F65 -> 4050000 | H65: =+G65*C9 -> 8100000
A67: RESUMEN DE COSTOS TOTALES
A68: COMPONENTE DE ALIMENTACION | B68: Grupo Focal | C68: Grupo de Alimentos | D68: Alimentos | E68: Valor total Incluido IVA
B69: 1 (1.000 beneficiarios) | C69: Cereales y Derivados | D69: Galleta Salada ( entrega mensual x benef: 695 (gramos) | E69: =I13 -> 30718660 | G69: =+[1]PRESUPUESTO!$E$69 -> #ERROR! | H69: =+E69-G69 -> #ERROR!
C70: Productos azucarado | D70: bocadillo o cocada o panelita x 25 gr (entrega mensual x benef 20 unds) | E70: =I14 -> 32368000 | G70: =+[1]PRESUPUESTO!$E$70 -> #ERROR! | H70: =+E70-G70 -> #ERROR!
B71: 2 (3.880 beneficiarios) | C71: Cereales y Derivados | D71: Galleta Salada (entrega mensual x benf 795 gr) | E71: =I22 -> 1.3633668e+08 | G71: =+[1]PRESUPUESTO!$E$71 -> #ERROR! | H71: =+E71-G71 -> #ERROR!
C72: Productos azucarado | D72: Panela 500 gr | E72: =I23 -> 48639680 | G72: =+[1]PRESUPUESTO!$E$72 -> #ERROR! | H72: =+E72-G72 -> #ERROR!
B73: Total complemento nutricional | E73: =SUM(E69:E72) -> 2.4806302e+08 | G73: =+[1]PRESUPUESTO!$E$73 -> #ERROR! | H73: =+E73-G73 -> #ERROR!
A74: TALENTO HUMANO | E74: =I35 -> 59200000 | G74: =+[1]PRESUPUESTO!$E$74 -> #ERROR! | H74: =+E74-G74 -> #ERROR!
A75: DOTACION PERSONAL | E75: =H46 -> 2720500 | G75: =+[1]PRESUPUESTO!$E$75 -> #ERROR! | H75: =+E75-G75 -> #ERROR!
A76: EXAMENES MEDICOS | E76: =H55 -> 690500 | G76: =+[1]PRESUPUESTO!$E$76 -> #ERROR! | H76: =+E76-G76 -> #ERROR!
A77: TRANSPORTE DE ALIMENTOS | E77: =H60 -> 32000000 | G77: =+[1]PRESUPUESTO!$E$77 -> #ERROR! | H77: =+E77-G77 -> #ERROR!
A78: BODEGA/ALMACENAMIENTO | E78: =H65 -> 8100000 | G78: =+[1]PRESUPUESTO!$E$78 -> #ERROR! | H78: =+E78-G78 -> #ERROR!
A79: COSTOS TALENTO HUMANO, DOTACION Y SERVICIOS | E79: =SUM(E74:E78) -> 102711000 | G79: =+[1]PRESUPUESTO!$E$79 -> #ERROR! | H79: =+E79-G79 -> #ERROR!
A80: TOTAL CONTRATO incluido IVA, impuestos mpales y costos y gastos indirectos (3 mes) | E80: =E73+E79 -> 3.5077402e+08 | G80: =+[1]PRESUPUESTO!$E$80 -> #ERROR!
E81: =+E80/3 -> 1.1692467e+08
C83: COSTO MENSUAL | D83: =+E81 -> 1.1692467e+08
C84: CUPOS LIQUIDA | D84: =+C8 -> 1000
C85: CUPOS POLVO | D85: =+C18 -> 3880
C86: COSTO 2 MESES | D86: =+E81*2-(E75*2+E76*2) -> 2.2702735e+08

Sheet PRESUPUESTO
B2: Beneficiarios | C2: 0
B3: =+C8+C18 -> 4880
A4: 1. | B4: Costo Alimento
B5: 1. COMPONENTE ALIMENTACION
B7: Grupo Focal I
B8: Total Poblacion | C8: 1000
B9: Palzo (meses) | C9: 2
E11: COT 1 | F11: COT 2 | G11: COT 3 | H11: PROMEDIO | I11: valor mes (20 días) | J11: Valor total incluido IVA
B12: Grupo de Alimentos | C12: Alimentos | D12: unidad de Medida | E12: Valor unitario mas IVA | F12: Valor unitario mas IVA | G12: Valor unitario mas IVA
B13: Cereales y Derivados | C13: Galleta salada 500-100 gr. ( entrega mensual x benef: 695 (gramos) | D13: unidad | E13: =+NUTRIAMBIENTAL!G13 -> 15199.87 | F13: =+SEMILLAS!G24 -> 15290.31 | G13: =+NUTRISALUD!G13 -> 15359.33 | H13: =ROUND(AVERAGE(E13:G13),0) -> 15283 | I13: =+H13*C8 -> 15283000 | J13: =+I13*C9 -> 30566000
B14: Productos azucarado | C14: bocadillo o cocada o panelita x 25 gr (entrega mensual x benef 20 unds) | D14: Pqte x 20 unds | E14: =+NUTRIAMBIENTAL!G14 -> 15999.55 | F14: =+SEMILLAS!G25 -> 16124.5 | G14: =+NUTRISALUD!G14 -> 16184 | H14: =ROUND(AVERAGE(E14:G14),0) -> 16103 | I14: =+H14*C8 -> 16103000 | J14: =+I14*C9 -> 32206000
B15: TOTAL | J15: =SUM(J13:J14) -> 62772000
B17: Grupo Focal II
B18: Poblacion | C18: 3880
B19: Plazo (meses) | C19: =C9 -> 2
E20: COT 1 | F20: COT 2 | G20: COT 3 | H20: PROMEDIO | I20: valor mes (20 días) | J20: Valor total incluido IVA
B21: Grupo de Alimentos | C21: Alimentos | D21: unidad de Medida | E21: Valor unitario mas IVA | F21: Valor unitario mas IVA | G21: Valor unitario mas IVA
B22: Cereales y Derivados | C22: Galleta salada 500-100 gr.(entrega mensual x benf: 795 gr) | D22: Unidad | E22: =+NUTRIAMBIENTAL!G22 -> 17387.09 | F22: =+SEMILLAS!G33 -> 17490.025 | G22: =+NUTRISALUD!G22 -> 17569.16 | H22: =ROUND(AVERAGE(E22:G22),0) -> 17482 | I22: =+H22*C18 -> 67830160 | J22: =I22*C19 -> 135660320
B23: Productos azucarado | C23: Panela 500 gr. | D23: Unidad | E23: =+NUTRIAMBIENTAL!G23 -> 6400 | F23: =+SEMILLAS!G34 -> 6400 | G23: =+NUTRISALUD!G23 -> 6268 | H23: =ROUND(AVERAGE(E23:G23),0) -> 6356 | I23: =+H23*C18 -> 24661280 | J23: =I23*C19 -> 49322560
B24: TOTAL | J24: =SUM(J22:J23) -> 184982880
B26: 2.COMPONENTE TALENTO HUMANO(Según histórico de honorarios del municipio 2025.
E27: COT 1 | F27: COT 2 | G27: COT 3 | H27: PROMEDIO | I27: TOTAL MENSUAL TALENTO HUMANO | J27: TOTAL TALENTO HUMANO
B28: Perfiles Requeridos | C28: Cantidad | D28: Unidad de medida | E28: Valor unitario mas IVA | F28: Valor unitario mas IVA | G28: Valor unitario mas IVA
B29: Director | C29: 1 | D29: Unidad | E29: =+NUTRIAMBIENTAL!G29 -> 4000000 | F29: =+SEMILLAS!G40 -> 4000000 | G29: =+NUTRISALUD!G29 -> 4000000 | H29: =ROUND(AVERAGE(E29:G29),0) -> 4000000 | I29: =+H29 -> 4000000 | J29: =+I29*$C$9 -> 8000000
B30: Auxiliar Administrativo | C30: 1 | D30: Unidad | E30: =+NUTRIAMBIENTAL!G30 -> 2200000 | F30: =+SEMILLAS!G41 -> 2200000 | G30: =+NUTRISALUD!G30 -> 2200000 | H30: =ROUND(AVERAGE(E30:G30),0) -> 2200000 | I30: =+G30 -> 2200000 | J30: =+I30*$C$9 -> 4400000
B31: NUTRICIONISTA según ficha técnica | C31: 1 | D31: Unidad | E31: =+NUTRIAMBIENTAL!G31 -> 4000000 | F31: =+SEMILLAS!G42 -> 4000000 | G31: =+NUTRISALUD!G31 -> 4000000 | H31: =ROUND(AVERAGE(E31:G31),0) -> 4000000 | I31: =+G31 -> 4000000 | J31: =+I31*$C$9 -> 8000000
B32: INGENIERO DE ALIMENTOS | C32: 1 | D32: Unidad | E32: =+NUTRIAMBIENTAL!G32 -> 4000000 | F32: =+SEMILLAS!G43 -> 4000000 | G32: =+NUTRISALUD!G32 -> 4000000 | H32: =ROUND(AVERAGE(E32:G32),0) -> 4000000 | I32: =+G32 -> 4000000 | J32: =+I32*$C$9 -> 8000000
B33: MANIPULADORES DE ALIMENTOS: Deben contar con el respectivo carné de manipulador de alimentos. | C33: 5 | D33: Unidad | E33: =+NUTRIAMBIENTAL!G33 -> 2200000 | F33: =+SEMILLAS!G44 -> 2200000 | G33: =+NUTRISALUD!G33 -> 2200000 | H33: =ROUND(AVERAGE(E33:G33),0) -> 2200000 | I33: =+G33*C33 -> 11000000 | J33: =+I33*$C$9 -> 22000000
B34: AUXILIAR DE ENFERMERIA Según ficha técnica | C34: 2 | D34: Unidad | E34: =+NUTRIAMBIENTAL!G34 -> 2200000 | F34: =+SEMILLAS!G45 -> 2200000 | G34: =+NUTRISALUD!G34 -> 2200000 | H34: =ROUND(AVERAGE(E34:G34),0) -> 2200000 | I34: =+G34*C34 -> 4400000 | J34: =+I34*$C$9 -> 8800000
B35: TOTAL TALENTO HUMANO | I35: =SUM(I29:I34) -> 29600000 | J35: =SUM(J29:J34) -> 59200000
B37: 3. COMPONENTE DOTACIÓN PERSONAL (Una entrega)
E38: COT 1 | F38: COT 2 | G38: COT 3 | H38: PROMEDIO | I38: VALOR TOTAL INCLUIDO IVA
B39: ARTICULO | C39: CANTIDAD | D39: Unidad de medida | E39: Valor unitario mas IVA | F39: Valor unitario mas IVA | G39: Valor unitario mas IVA
B40: Gorro según especificaciones técnicas | C40: 15 | D40: Unidad | E40: =+NUTRIAMBIENTAL!G40 -> 13500 | F40: =+SEMILLAS!G51 -> 14040 | G40: =+NUTRISALUD!G40 -> 16000 | H40: =ROUND(AVERAGE(E40:G40),0) -> 14513 | I40: =+H40*C40 -> 217695
B41: Tapabocas-según especificaciones técnicas | C41: 15 | D41: Unidad | E41: =+NUTRIAMBIENTAL!G41 -> 9000 | F41: =+SEMILLAS!G52 -> 9360 | G41: =+NUTRISALUD!G41 -> 9900 | H41: =ROUND(AVERAGE(E41:G41),0) -> 9420 | I41: =+H41*C41 -> 141300
B42: Camiseta tipo polo-según especificaciones técnicas | C42: 10 | D42: Unidad | E42: =+NUTRIAMBIENTAL!G42 -> 69000 | F42: =+SEMILLAS!G53 -> 71760 | G42: =+NUTRISALUD!G42 -> 75400 | H42: =ROUND(AVERAGE(E42:G42),0) -> 72053 | I42: =+H42*C42 -> 720530
B43: Pantalon Sudadera según especificaciones técnicas | C43: 10 | D43: Unidad | E43: =+NUTRIAMBIENTAL!G43 -> 80000 | F43: =+SEMILLAS!G54 -> 81120 | G43: =+NUTRISALUD!G43 -> 85800 | H43: =ROUND(AVERAGE(E43:G43),0) -> 82307 | I43: =+H43*C43 -> 823070
B44: zapato Cerrado según especificaciones técnicas | C44: 5 | D44: Unidad | E44: =+NUTRIAMBIENTAL!G44 -> 86000 | F44: =+SEMILLAS!G55 -> 82160 | G44: =+NUTRISALUD!G44 -> 88000 | H44: =ROUND(AVERAGE(E44:G44),0) -> 85387 | I44: =+H44*C44 -> 426935
B45: Delantal Antifluidossegún especificaciones técnicas | C45: 5 | D45: Unidad | E45: =+NUTRIAMBIENTAL!G45 -> 48000 | F45: =+SEMILLAS!G56 -> 49920 | G45: =+NUTRISALUD!G45 -> 56000 | H45: =ROUND(AVERAGE(E45:G45),0) -> 51307 | I45: =+H45*C45 -> 256535
B46: TOTAL | I46: =SUM(I40:I45) -> 2586065
B48: 4,COMPONENTE EXAMENES MEDICOS(Una entrega)
E49: COT 1 | F49: COT 2 | G49: COT 3 | H49: PROMEDIO | I49: Valor Total incluido IVA
B50: Examen medico | C50: CANTIDAD | E50: Valor unitario mas IVA | F50: Valor unitario mas IVA | G50: Valor unitario mas IVA
B51: Medico de Ingreso, con aptitud para manipuladora de alimentos | C51: 5 | E51: =+NUTRIAMBIENTAL!G51 -> 34200 | F51: =+SEMILLAS!G62 -> 35600 | G51: =+NUTRISALUD!G51 -> 37000 | H51: =ROUND(AVERAGE(E51:G51),0) -> 35600 | I51: =+H51*C51 -> 178000
B52: KOH de uñas | C52: 5 | E52: =+NUTRIAMBIENTAL!G52 -> 29000 | F52: =+SEMILLAS!G63 -> 32000 | G52: =+NUTRISALUD!G52 -> 33400 | H52: =ROUND(AVERAGE(E52:G52),0) -> 31467 | I52: =+H52*C52 -> 157335
B53: Frotis de garganta | C53: 5 | E53: =+NUTRIAMBIENTAL!G53 -> 37000 | F53: =+SEMILLAS!G64 -> 38600 | G53: =+NUTRISALUD!G53 -> 40100 | H53: =ROUND(AVERAGE(E53:G53),0) -> 38567 | I53: =+H53*C53 -> 192835
B54: Coprológico | C54: 5 | E54: =+NUTRIAMBIENTAL!G54 -> 24000 | F54: =+SEMILLAS!G65 -> 26000 | G54: =+NUTRISALUD!G54 -> 27600 | H54: =ROUND(AVERAGE(E54:G54),0) -> 25867 | I54: =+H54*C54 -> 129335
B55: TOTAL | I55: =SUM(I51:I54) -> 657505
B57: 5. COMPONENTE TRANSPORTE DE ALIMENTOS
E58: COT 1 | F58: COT 2 | G58: COT 3 | H58: PROMEDIO | I58: Valor total incluido IVA
B59: Transporte de alimentos | C59: Cantidad | E59: Valor unitario mas IVA | F59: Valor unitario mas IVA | G59: Valor unitario mas IVA
B60: Vehiculos tipo furgón isotérmicos, deberá cumplir con los requisitos o requerimientos técnicos. | C60: 2 | E60: =+NUTRIAMBIENTAL!G60 -> 15800000 | F60: =+SEMILLAS!G71 -> 16000000 | G60: =+NUTRISALUD!G60 -> 16000000 | H60: =ROUND(AVERAGE(E60:G60),0) -> 15933333 | I60: =+H60*C9 -> 31866666
B62: 6. COMPONENTE ALMACENAMIENTO
E63: COT 1 | F63: COT 2 | G63: COT 3 | H63: PROMEDIO | I63: Valor total incluido IVA
B64: BODEGA/ALMACENAMIENTO | C64: Cantidad | E64: Valor unitario mas IVA | F64: Valor unitario mas IVA | G64: Valor unitario mas IVA
B65: Bodega, debera cumplir con los requisitos o requerimientos tecnicos | C65: 1 | E65: =+NUTRIAMBIENTAL!G65 -> 3850000 | F65: =+SEMILLAS!G76 -> 4000000 | G65: =+NUTRISALUD!G65 -> 4050000 | H65: =ROUND(AVERAGE(E65:G65),0) -> 3966667 | I65: =+H65*C9 -> 7933334
A67: RESUMEN DE COSTOS TOTALES
A68: COMPONENTE DE ALIMENTACION | B68: Grupo Focal | C68: Grupo de Alimentos | D68: Alimentos | E68: Valor total Incluido IVA
B69: 1 (1.000 beneficiarios) | C69: Cereales y Derivados | D69: Galleta Salada ( entrega mensual x benef: 695 (gramos) | E69: =J13 -> 30566000 | G69: =+[1]PRESUPUESTO!$E$69 -> #ERROR! | I69: =+E69-G69 -> #ERROR!
C70: Productos azucarado | D70: bocadillo o cocada o panelita x 25 gr (entrega mensual x benef 20 unds) | E70: =J14 -> 32206000 | G70: =+[1]PRESUPUESTO!$E$70 -> #ERROR! | I70: =+E70-G70 -> #ERROR!
B71: 2 (3.880 beneficiarios) | C71: Cereales y Derivados | D71: Galleta Salada (entrega mensual x benf 795 gr) | E71: =J22 -> 135660320 | G71: =+[1]PRESUPUESTO!$E$71 -> #ERROR! | I71: =+E71-G71 -> #ERROR!
C72: Productos azucarado | D72: Panela 500 gr | E72: =J23 -> 49322560 | I72: mes 1 | J72: mes 2
B73: Total complemento nutricional | E73: =SUM(E69:E72) -> 247754880 | G73: =+E73/2 -> 123877440 | I73: =+E73/2 -> 123877440 | J73: =+E73/2 -> 123877440
A74: TALENTO HUMANO | E74: =J35 -> 59200000 | I74: =+E74/2 -> 29600000 | J74: =+E74/2 -> 29600000
A75: DOTACION PERSONAL | E75: =I46 -> 2586065 | I75: =+E75 -> 2586065 | J75: 0
A76: EXAMENES MEDICOS | E76: =I55 -> 657505 | I76: =+E76 -> 657505 | J76: 0
A77: TRANSPORTE DE ALIMENTOS | E77: =I60 -> 31866666 | I77: =+E77/2 -> 15933333 | J77: =+E77/2 -> 15933333
A78: BODEGA/ALMACENAMIENTO | E78: =I65 -> 7933334 | I78: =+E78/2 -> 3966667 | J78: =+E78/2 -> 3966667
A79: COSTOS TALENTO HUMANO, DOTACION Y SERVICIOS | E79: =SUM(E74:E78) -> 102243570 | G79: =+E79/2 -> 51121785
A80: TOTAL CONTRATO incluido IVA, impuestos mpales y costos y gastos indirectos (2 mes) | E80: =E73+E79 -> 349998450
E81: =+E80/2 -> 174999225 | I81: =SUM(I73:I80) -> 176621010 | J81: =SUM(J73:J80) -> 173377440 | K81: =+I81+J81 -> 349998450
C83: COSTO MENSUAL | D83: =+E81 -> 174999225
C84: CUPOS LIQUIDA | D84: =+C8 -> 1000
C85: CUPOS POLVO | D85: =+C18 -> 3880
C86: COSTO 2 MESES | D86: =+E81*2-(E75*2+E76*2) -> 343511310
